Map: 프리온 단구

Players

llllllllllll - Winner!

  • Race: Zerg Zerg
  • League: Grandmaster

llllllllllll (Scarlett)

  • Race: Zerg Zerg
  • League: Grandmaster

VOD

Have the link to the VOD?

Description

Time

  • Played on: April 13, 2016, 10:17 a.m.
  • Length: 4:08
Show
View Real Time Build Order
Export as new Build Order

llllllllllll Zerg - Winner!

Build Orders: Hatch First 

Get SALT Encoding   

  12  0:01  Drone  
  13  0:13  Overlord  
  13  0:17  Drone  
  14  0:31  Drone x2  
  14  0:34  Drone  
  17  0:52  Hatchery  
  17  0:54  Drone  
  17  0:59  Drone  
  18  1:05  Extractor  
  17  1:12  Spawning Pool  
  17  1:15  Drone  
  17  1:19  Drone  
  18  1:29  Drone  
  19  1:41  Overlord  
  19  2:00  Zergling x2  
  19  2:01  Zergling x2, Queen  
  21  2:04  Zergling x2, Queen  
  21  2:05  Metabolic Boost  
  25  2:19  Zergling x2  
  25  2:31  Zergling x2  
  25  2:35  Zergling x2  
  24  2:45  Zergling x6  
  27  2:56  Zergling x4  
  27  2:58  Zergling x2  
  30  3:00  Zergling x2  
  31  3:11  Overlord  
  31  3:14  Zergling x4  
  31  3:15  Zergling x4  
  31  3:18  Zergling x2  
  36  3:30  Zergling x6  
  36  3:31  Zergling x2  
  36  3:32  Zergling x2  
  41  3:36  Zergling x2  
  42  3:42  Zergling x2  
  42  3:47  Zergling x2  
  42  3:48  Zergling x2  
  42  3:49  Zergling x2  
  42  3:50  Zergling x2  
Show
View Real Time Build Order
Export as new Build Order

llllllllllll Zerg 

Build Orders: Pool First 

Get SALT Encoding   

  12  0:00  Drone  
  13  0:21  Spawning Pool  
  12  0:25  Drone  
  13  0:31  Drone  
  13  0:35  Extractor  
  13  0:36  Drone  
  15  0:44  Overlord  
  15  1:07  Zergling x4  
  15  1:09  Zergling x2  
  18  1:16  Hatchery  
  17  1:21  Zergling x2  
  18  1:30  Zergling x2  
  19  1:34  Queen  
  21  1:45  Zergling x2  
  22  1:52  Overlord  
  22  2:10  Queen  
  23  2:25  Drone  
  23  2:26  Drone x2  
  24  2:30  Queen  
  24  2:35  Drone  
  26  2:43  Drone x2  
  27  2:46  Queen  
  29  2:55  Drone x2, Spine Crawler  
  30  3:05  Drone  
  31  3:06  Queen  
  31  3:07  Drone  
  31  3:08  Drone  
  35  3:18  Drone  
  36  3:20  Extractor  
  36  3:22  Extractor  
  36  3:25  Drone x2  
  36  3:39  Overlord  
  36  3:41  Overlord  
Tags
 
Add a new tag
Caveats
  • Supply blocks, unpowered buildings, or Contaminate may cause inaccurate times.
  • Supply counts are checked every 10 seconds.